Map: Lightshade LE

Players

Scarlett

  • Race: Zerg Zerg

MaSa - Winner!

  • Race: Terran Terran

Event: DreamHack SC2 Masters 2021 Winter

VOD

Have the link to the VOD?

Description

Time

  • Played on: Oct. 5, 2021, 5:48 p.m.
  • Length: 8:32

All games in this series

Show
View Real Time Build Order
Export as new Build Order

Scarlett Zerg 

Build Orders: Pool First 

Get SALT Encoding   

  12  0:00  Drone  
  13  0:12  Overlord  
  13  0:16  Drone  
  14  0:30  Drone x2  
  14  0:34  Drone  
  17  0:44  Extractor  
  17  0:46  Drone  
  17  0:48  Spawning Pool  
  16  0:56  Drone  
  17  1:07  Drone  
  18  1:17  Hatchery  
  17  1:20  Drone  
  18  1:34  Queen  
  18  1:36  Zergling x2  
  18  1:38  Zergling x2  
  22  1:46  Metabolic Boost  
  22  1:52  Overlord  
  22  2:10  Queen  
  22  2:14  Drone x2  
  26  2:23  Drone  
  27  2:32  Queen  
  29  2:42  Overlord  
  29  2:45  Zergling x12  
  35  2:51  Drone  
  36  3:04  Hatchery  
  35  3:08  Drone  
  35  3:23  Drone x6  
  41  3:31  Drone  
  40  3:34  Overlord  
  40  3:43  Drone  
  40  3:44  Drone x2  
  40  3:45  Overlord  
  43  3:53  Queen  
  45  3:59  Drone  
  45  4:00  Drone x2, Queen  
  50  4:09  Drone  
  52  4:10  Drone x4  
  52  4:15  Drone  
  52  4:16  Roach Warren  
  55  4:20  Queen  
  57  4:25  Zergling x6  
  57  4:28  Drone x2  
  62  4:32  Overlord  
  62  4:36  Drone x2  
  64  4:39  Lair  
  64  4:41  Extractor  
  64  4:44  Drone, Extractor  
  64  4:45  Drone x2  
  65  4:49  Spore Crawler x2  
  63  4:53  Spore Crawler  
  63  4:54  Drone  
  64  5:00  Drone x4  
  64  5:04  Drone  
  64  5:05  Drone x2  
  70  5:07  Drone x3  
  73  5:14  Evolution Chamber  
  73  5:15  Drone, Evolution Chamber  
  73  5:19  Drone  
  73  5:20  Overlord  
  73  5:26  Overlord  
  73  5:29  Extractor  
  73  5:30  Extractor  
  73  5:31  Extractor  
  73  5:32  Drone x4  
  73  5:34  Overlord  
  73  5:37  Overseer  
  73  5:41  Zerg Missile Weapons Level 1, Zerg Ground Armor Level 1  
  73  5:43  Drone x3  
  73  5:46  Drone  
  73  5:47  Drone x2  
  73  5:49  Drone  
  80  5:52  Glial Reconstitution  
  80  5:58  Drone x3  
  80  5:59  Drone x3  
  80  6:02  Overlord  
  86  6:07  Overlord x3  
  86  6:10  Roach  
  88  6:14  Roach  
  88  6:15  Roach x2  
  88  6:16  Overseer  
  94  6:25  Queen x2  
  98  6:32  Queen  
  96  6:33  Spore Crawler  
  96  6:34  Roach  
  90  6:52  Spore Crawler  
  83  6:55  Drone  
  83  6:56  Drone x5  
  83  7:00  Drone x3, Queen x2  
  83  7:01  Drone x2  
  94  7:05  Ravager x3  
  94  7:07  Queen  
  94  7:11  Spore Crawler  
  94  7:12  Spore Crawler  
  84  7:20  Spire, Spore Crawler  
  79  7:32  Spore Crawler x2  
  79  7:36  Queen  
  77  7:38  Spore Crawler  
  77  7:40  Spore Crawler  
  77  7:43  Queen, Spore Crawler  
Show
View Real Time Build Order
Export as new Build Order

MaSa Terran - Winner!

Build Orders: Command Center First (CC) 

Get SALT Encoding   

  12  0:00  SCV  
  13  0:12  SCV  
  14  0:17  Supply Depot  
  14  0:24  SCV  
  15  0:38  SCV  
  16  0:50  SCV  
  17  0:58  Command Center  
  17  1:02  SCV  
  18  1:11  Barracks  
  18  1:15  SCV  
  19  1:20  Refinery  
  19  1:27  Refinery  
  19  1:28  SCV  
  20  1:40  SCV  
  21  1:52  SCV  
  22  1:58  Marine  
  23  2:04  Orbital Command  
  23  2:11  Factory  
  23  2:14  Orbital Command  
  23  2:18  Marine  
  24  2:31  SCV  
  25  2:37  Marine  
  25  2:40  SCV  
  25  2:43  SCV  
  28  2:52  SCV  
  28  2:56  Starport  
  29  3:00  Supply Depot, SCV  
  29  3:03  Hellion  
  29  3:05  SCV  
  33  3:12  SCV  
  34  3:14  Orbital Command  
  33  3:24  Hellion  
  34  3:27  SCV  
  30  3:34  Starport Tech Lab  
  30  3:36  Fusion Core  
  30  3:39  Starport  
  30  3:40  Orbital Command  
  30  3:41  SCV  
  31  3:46  Hellion  
  33  3:52  Banshee  
  33  3:53  SCV  
  33  3:54  Supply Depot  
  37  4:05  SCV x2  
  37  4:06  Supply Depot  
  37  4:09  Hellion  
  41  4:10  Marine  
  41  4:15  Starport Tech Lab  
  42  4:17  SCV  
  42  4:22  SCV  
  42  4:23  Refinery  
  44  4:30  Supply Depot  
  44  4:36  Refinery, Battlecruiser  
  50  4:38  SCV  
  50  4:40  SCV  
  52  4:50  SCV  
  53  5:01  Command Center  
  53  5:02  SCV  
  53  5:05  SCV  
  55  5:15  Battlecruiser  
  55  5:16  Supply Depot  
  55  5:18  SCV  
  62  5:22  Barracks Reactor  
  62  5:23  SCV  
  62  5:24  Hellion  
  65  5:30  SCV  
  67  5:35  SCV  
  67  5:39  Supply Depot x2  
  67  5:43  SCV  
  67  5:49  Battlecruiser  
  74  5:50  SCV  
  74  5:55  SCV  
  76  6:02  Weapon Refit, SCV  
  77  6:07  SCV  
  78  6:14  SCV  
  78  6:17  Barracks Tech Lab  
  54  6:18  Orbital Command  
  79  6:20  Hellion, Supply Depot  
  79  6:24  SCV  
  82  6:31  SCV  
  83  6:37  SCV  
  86  6:40  Hellion  
  86  6:41  Hellion  
  86  6:43  SCV  
  83  6:48  Battlecruiser  
  83  6:49  SCV  
  83  6:50  SCV  
  87  6:55  SCV  
  88  7:02  Hellion  
  88  7:03  SCV  
  93  7:09  SCV  
  93  7:11  SCV  
  99  7:15  Battlecruiser  
  99  7:19  SCV  
  99  7:22  SCV  
  101  7:27  Hellion x2  
  101  7:28  SCV  
  103  7:36  SCV  
  95  7:38  SCV  
  95  7:43  SCV  
  93  7:48  Hellion x2  
  93  7:49  SCV  
  98  7:52  SCV  
  98  7:56  SCV  
  96  8:01  SCV  
  96  8:04  SCV  
  88  8:08  SCV  
  82  8:13  SCV  
  82  8:16  SCV  
  83  8:20  Supply Depot  

Tags
 
Add a new tag
Caveats
  • Supply blocks, unpowered buildings, or Contaminate may cause inaccurate times.
  • Supply counts are checked every 10 seconds.